 Dungeon Crawl Stone Soup version 0.31-a0-486-g8d68a81214 (webtiles) character file.

Game seed: 4835150477029851354

4 randomguy2701 the Gusty (level 1, -1/10 HPs)
             Began as a Tengu Air Elementalist on Aug 8, 2023.
             Slain by a hobgoblin (2 damage)
             ... on level 1 of the Dungeon.
             The game lasted 00:00:29 (118 turns).

randomguy2701 the Gusty (Tengu Air Elementalist)     Turns: 118, Time: 00:00:30

Health: -1/10      AC:  2    Str:  8    XL:     1   Next: 70%
Magic:  0/4        EV: 12    Int: 15    God:
Gold:   0          SH:  0    Dex: 14    Spells: 3/4 levels left

rFire   . . .        (no weapon)
rCold   . . .        (no shield)
rNeg    . . .        a - +0 robe
rPois   .            (helmet restricted)
rElec   .            (no cloak)
rCorr   .            (no gloves)
SInv    .            (boots unavailable)
Will    .....        (no amulet)
Stlth   ++           (no ring)
HPRegen 0.21/turn    (no ring)
MPRegen 0.09/turn

%: no passive effects
@: no status effects
A: beak, talons 3
a: no special abilities


You were on level 1 of the Dungeon.
You visited 1 branch of the dungeon, and saw 1 of its levels.

Inventory:

Armour
 a - a +0 robe (worn)
Potions
 b - a potion of magic
 c - a potion of might {unknown}


   Skills:
 + Level 2.3 Dodging
 + Level 2.0 Stealth
 + Level 2.1 Spellcasting
 + Level 1.3 Conjurations
 + Level 4.2 Air Magic


You had 3 spell levels left.
You knew the following spells:

 Your Spells              Type           Power      Damage    Failure   Level
a - Shock                 Conj/Air       36%        1d5       7%          1

Your spell library contained the following spells:

 Spells                   Type           Power      Damage    Failure   Level
 Static Discharge         Conj/Air       18%        2-3/arc   11%         2
 Swiftness                Air            14%        N/A       12%         3
 Airstrike                Air            7%         2d(1-17)  36%         4


Dungeon Overview and Level Annotations

Branches:
Dungeon (1/15)

Altars:


Innate Abilities, Weirdness & Mutations

You have a beak for a mouth.
You have claws for feet.


Message History

c - a coppery potion A frilled lizard and a goblin come into view.
The goblin shouts!
There are monsters nearby!
There are monsters nearby!
There are monsters nearby!
The zap hits the goblin.
The goblin is almost dead.
The zap misses the goblin.
The frilled lizard hisses angrily.
A hobgoblin comes into view.
The zap misses the goblin.
The zap hits the goblin.
You kill the goblin!
You are out of magic!
You are out of magic!
The zap misses the frilled lizard.
The zap hits the hobgoblin but does no damage.
Unknown command.
The zap hits the frilled lizard.
You kill the frilled lizard!
The hobgoblin throws a stone.
The stone hits you.
There is an open door here.
The zap hits the hobgoblin.
The hobgoblin is heavily wounded.
The hobgoblin throws a stone.
The stone barely misses you.
You are out of magic!
The hobgoblin throws a stone.
The stone hits you.
Ouch! That really hurt!
You are too injured to fight recklessly!
You are too injured to fight recklessly!
The hobgoblin throws a stone.
The stone hits you.
* * * LOW HITPOINT WARNING * * *
You hit the hobgoblin but do no damage. Your kick misses the hobgoblin.
The hobgoblin is heavily wounded.
The hobgoblin misses you.
You hit the hobgoblin but do no damage. Your kick misses the hobgoblin.
The hobgoblin is heavily wounded.
The hobgoblin hits you.
You die...

######## #......#
#.####.# #.#..#.#
#.'<.+@#
##########.#..#g#
#....g..##+####.#
#....##.(+......#
##....##..#g######
..g...###...#
##....# #####
#....# #....#


You could see a hobgoblin.

Vanquished Creatures
  A bat (D:1)
  A goblin (D:1)
  A hobgoblin (D:1)
  A frilled lizard (D:1)
4 creatures vanquished.

Notes
Turn   | Place    | Note
-------+----------+-------------------------------------------
     0 | D:1      | randomguy2701 the Tengu Air Elementalist began the quest
                  | for the Orb.
     0 | D:1      | Reached XP level 1. HP: 10/10 MP: 4/4
   118 | D:1      | Slain by a hobgoblin

Illustrated notes

Levels and vault maps discovered:
D:1:      ncdulo_smallfort, layout_rooms, serial_aquarium,
          aquarium_bridge_square [aquarium_subvault_bridge,
          aquarium_subvault_wall, aquarium_subvault_window,
          aquarium_subvault_window], aquarium_window_1,
          aquarium_window_corridor_3, aquarium_view_2b, aquarium_pool_2,
          serial_shops, nicolae_shop_bloodbath_and_beyond

Action                     || total
---------------------------++-------
  Melee: Unarmed           ||     2
   Cast: Shock             ||    10
  Dodge: Dodged            ||     2

Table legend: (Time is in decaauts)
 A = Elapsed time spent in this place.
 B = Non-inter-level travel time spent in this place.
 C = Inter-level travel time spent in this place.
 D = Time resting spent in this place.
 E = Time spent auto-exploring this place.
 F = Levels seen in this place.
 G = Mean time per level.
                   A        B        C        D        E       F      G
               +--------+--------+--------+--------+--------+-----+--------+
         Total |    118 |    118 |      0 |      0 |     69 |   1 |  118.0 |
       Dungeon |    118 |    118 |      0 |      0 |     69 |   1 |  118.0 |
               +--------+--------+--------+--------+--------+-----+--------+

Top non-repeatable levels by time:
     D:1: 118 daAuts
